 Dungeon Crawl Stone Soup version 0.21.1-1-g345015f (webtiles) character file.

102 Figureslego113 the Sneak (level 4, -3/22 HPs)
             Began as a Spriggan Assassin on June 21, 2018.
             Slain by Robin
             ... wielding a +0 club
              (7 damage)
             ... on level 2 of the Dungeon.
             The game lasted 00:05:54 (1954 turns).

Figureslego113 the Sneak (Spriggan Assassin)        Turns: 1954, Time: 00:05:55

Health: -3/22      AC:  3    Str:  7    XL:     4   Next: 50%
Magic:  5/5        EV: 17    Int: 12    God:
Gold:   17         SH:  0    Dex: 18    Spells: 3/3 levels left

rFire    . . .     SeeInvis +   a - +2 dagger
rCold    . . .     Gourm    .   (shield restricted)
rNeg     . . .     Faith    .   c - +0 robe
rPois    .         Spirit   .   (helmet restricted)
rElec    .         Reflect  .   d - +0 cloak
rCorr    .         Harm     .   (gloves unavailable)
MR       .....                  (boots unavailable)
Stlth    ++++......             (no amulet)
HPRegen  0.07/turn              (no ring)
MPRegen  0.09/turn              (no ring)

@: very quick
A: very small, unfitting armour, see invisible, herbivore, speed 3, slow
metabolism 2
a: no special abilities


You were on level 2 of the Dungeon.
You were not hungry.

You visited 1 branch of the dungeon, and saw 2 of its levels.

You collected 17 gold pieces.

Inventory:

Hand Weapons
 a - a +2 dagger (weapon)
 b - a +0 blowgun
Missiles
 e - 3 poisoned needles
 f - 2 curare-tipped needles
Armour
 c - a +0 robe (worn)
 d - a +0 cloak (worn)
Jewellery
 h - an uncursed ring of fire {unknown}
 l - an uncursed ring of flight {unknown}
Scrolls
 j - a scroll of remove curse {unknown}
Potions
 i - a potion of cancellation
Comestibles
 g - 4 rations


   Skills:
 - Level 1.5 Fighting
 * Level 3.9 Short Blades
 - Level 2.0 Throwing
 + Level 2.1 Dodging
 * Level 7.5 Stealth


You had 3 spell levels left.
You didn't know any spells.

Dungeon Overview and Level Annotations

Branches:
Dungeon (2/15)

Altars:
Elyvilon
Okawaru
Uskayaw
Xom

Annotations:
D:2 Robin


Innate Abilities, Weirdness & Mutations

You are very small and have problems with some larger weapons.
You are too small for most types of armour.
You have supernaturally acute eyesight. (SInv)
You are a herbivore.
You cover ground extremely quickly.
You need consume almost no food.


Message History

Robin is almost dead.
You hit Robin but do no damage.
Robin is almost dead.
Robin hits you with a club.
You hit Robin but do no damage.
Robin is almost dead.
Robin hits you with a club.
* * * LOW HITPOINT WARNING * * *
You hit Robin but do no damage.
Robin is almost dead.
Robin barely misses you.
You barely miss Robin.
Robin is almost dead.
You barely miss Robin.
Robin is almost dead.
Robin completely misses you.
You closely miss Robin.
Robin is almost dead.
Robin hits you with a club!
You die...

..#
#........###'#######
#.#. ###
#............(.....#
#.#.
#..........(.......#
#.#.
####'###...........#
#.#. #..##...........#
#.#. ##.##....(......#
#.#. #.##....l......#
#.#. #.######g#######
#.#. #.## #@#
#########.#. #..# #.#
#.......#.#. ##.## #.#
#.#####.#.#. ###..##
#.# #.# #.#... #.....#
#.# #.# #.####
#.##..###'#####.# #.#
#.###.##........#####.#
#.# #.##........#.....#
#.# #.##........#.#####


You could see Robin and a leopard gecko.

Vanquished Creatures
  A bullfrog zombie (D:2)
  2 adders (D:2)
  An ooze (D:1)
  3 dart slugs (D:1)
  A giant cockroach (D:1)
  10 goblins
  8 hobgoblins
  4 kobolds
  6 bats
  A frilled lizard (D:1)
  7 rats (D:1)
44 creatures vanquished.

Notes
Turn   | Place    | Note
-------+----------+-------------------------------------------
     0 | D:1      | Figureslego113 the Spriggan Assassin began the quest for the Orb.
     0 | D:1      | Reached XP level 1. HP: 10/10 MP: 2/2
    12 | D:1      | Reached skill level 6 in Stealth
    48 | D:1      | Reached XP level 2. HP: 9/14 MP: 3/3
   429 | D:1      | Found an opulent altar of Gozag.
   431 | D:1      | Found a hide-covered altar of Uskayaw.
   431 | D:1      | Found a shimmering altar of Xom.
   434 | D:1      | Found a white marble altar of Elyvilon.
   434 | D:1      | Found a white marble altar of Elyvilon.
   434 | D:1      | Found an iron altar of Okawaru.
   583 | D:1      | Reached XP level 3. HP: 11/18 MP: 4/4
   963 | D:2      | Reached skill level 7 in Stealth
  1008 | D:2      | Reached XP level 4. HP: 19/22 MP: 5/5
  1027 | D:2      | Noticed Robin
  1244 | D:2      | HP: 1/22 [goblin/stone[Robin] (4)]
  1954 | D:2      | Slain by Robin

Skill      XL: |  1  2  3  4 |
---------------+-------------+-----
Stealth        | 6 7 |  7.5
Short Blades   | 3 |  3.9
Dodging        | 2 |  2.1
Fighting       | |  1.5
Throwing       | |  2.0

Action                   |  1- 3 |  4- 6 || total
-------------------------+-------+-------++-------
Melee: Dagger            |    87 |    66 ||   153
 Fire: Blowgun           |       |     5 ||     5
  Use: Potion            |       |     5 ||     5
 Stab: Sleeping          |    14 |       ||    14
Armor: Robe              |     8 |     8 ||    16
Dodge: Dodged            |    56 |    52 ||   108
